 Dungeon Crawl Stone Soup version 0.29-a0-303-ge4682ce883 (webtiles) character file.

Game seed: 3747677438278491657

8010 Gargoyl the Cleaver (level 11, -11/106 HPs)
             Began as a Gargoyle Abyssal Knight on Mar 25, 2022.
             Was a Priest of Lugonu.
             Shot with an arrow by a centaur warrior (13 damage)
             ... on level 10 of the Dungeon.
             The game lasted 00:11:44 (7641 turns).

Gargoyl the Cleaver (Gargoyle Abyssal Knight)       Turns: 7641, Time: 00:11:44

Health: -11/106    AC: 28    Str: 22    XL:     11   Next: 24%
Magic:  4/12       EV:  7    Int: 10    God:    Lugonu [***...]
Gold:   626        SH:  0    Dex: 10    Spells: 10/10 levels left

rFire   . . .      SeeInvis +   i - +4 war axe (vorpal)
rCold   . . .      Faith    .   (no shield)
rNeg    + + .      Spirit   .   k - +1 plate armour
rPois   ∞          Reflect  .   v - +1 helmet
rElec   +          Harm     .   (no cloak)
rCorr   .          Rampage  .   (no gloves)
Will    .....                   g - +2 pair of boots
Stlth   ..........              h - amulet of regeneration
HPRegen 1.07/turn               n - ring of positive energy
MPRegen 0.13/turn               j - +4 ring of slaying

@: berserking, flying, very quick
A: sickness immunity, AC +8, negative energy resistance 1, electricity
resistance, torment resistance 1, petrification resistance, big wings, see
invisible
a: Renounce Religion, Depart the Abyss, Bend Space, Banish


You were on level 10 of the Dungeon.
You worshipped Lugonu.
Lugonu was most pleased with you.
You visited 1 branch of the dungeon, and saw 10 of its levels.
You visited the Abyss 2 times.

You collected 723 gold pieces.
You spent 97 gold pieces at shops.

Inventory:

Hand Weapons
 a - a +1 hand axe
 b - a +2 war axe of flaming
 d - a +2 short sword of protection
 i - a +4 vorpal war axe (weapon)
Missiles
 o - 24 poisoned darts (quivered)
Armour
 g - a +2 pair of boots (worn)
 k - a +1 plate armour (worn)
 v - a +1 helmet (worn)
Jewellery
 h - an amulet of regeneration (around neck)
 j - a +4 ring of slaying (right hand)
 n - a ring of positive energy (left hand)
 p - a ring of protection from cold
 s - a ring of flight
Wands
 u - a wand of acid (4)
 x - a wand of iceblast (4)
 y - a wand of polymorph (11)
 B - a wand of charming (3)
Scrolls
 c - 9 scrolls of identify
 m - 2 scrolls of silence
 z - a scroll of holy word
Potions
 l - 2 potions of berserk rage
 r - a potion of cancellation
 t - 2 potions of flight
 w - a potion of lignification
 A - 2 potions of mutation


   Skills:
 + Level 9.0 Fighting
 + Level 1.2 Short Blades
 + Level 12.1 Axes
 + Level 8.1 Armour
 + Level 1.8 Dodging
 + Level 2.0 Stealth
 + Level 2.4 Invocations


You had 10 spell levels left.
You didn't know any spells.
Your spell library contained the following spells:

 Spells                   Type           Power      Damage    Failure   Level
 Magic Dart               Conj           0%         1d3       99%         1
 Sting                    Tmut/Pois      0%         1d3       99%         1
 Poisonous Vapours        Pois/Air       0%         N/A       100%        2
 Searing Ray              Conj           0%         2d4       100%        2
 Fulminant Prism          Conj/Hex       0%         3d6       100%        4
 Hailstorm                Conj/Ice       0%         3d3       100%        4
 Ice Form                 Ice/Tmut       0%         N/A       100%        4
 Olgreb's Toxic Radiance  Pois           0%         N/A       100%        4
 Simulacrum               Ice/Necr       0%         N/A       100%        6


Dungeon Overview and Level Annotations

Branches:
Dungeon (10/15)            Temple (0/1) D:6
   Lair: D:8-11         Orc: D:9-12

Altars:
Cheibriados
Fedhas
Wu Jian
Xom
Yredelemnul
Zin

Shops:
D:4 *   D:5 =   D:7 :   D:10 *

Annotations:
D:10 corrupted


Innate Abilities, Weirdness & Mutations

You are immune to sickness and miasma.
Your stone body is resilient. (AC +8)
You are immune to poison.
You resist negative energy. (rN+)
You are resistant to electric shocks. (rElec)
You are resistant to unholy torment.
You are immune to petrification.
Your large and strong wings let you fly.
You have supernaturally acute eyesight. (SInv)


Message History

Something hits the troll.
You slice the hornet!!
You kill the hornet!
Lugonu accepts your kill.
You hit the yak. The yak barely misses you.
Your Fighting skill increases to level 9!
You hit the manticore.
The manticore is lightly wounded.
You closely miss the yak.
Something barely misses the troll.
The yak gores you!
* * * LOW HITPOINT WARNING * * *
The manticore bites you but does no damage.
The manticore claws you.
* * * LOW HITPOINT WARNING * * *
The manticore claws you but does no damage.
You completely miss the manticore.
The manticore is lightly wounded.
You slash the yak!
Something hits the yak.
You slash the manticore!
The manticore is moderately wounded.
You slash the yak! The manticore bites you!
* * * LOW HITPOINT WARNING * * *
The manticore barely misses you. The manticore claws you.
* * * LOW HITPOINT WARNING * * *
The yak closely misses you.
Something barely misses the yak.
You barely miss the manticore.
The manticore is moderately wounded.
You barely miss the yak. You slash the manticore!
The manticore is heavily wounded.
You slash the yak!
Something hits the yak!
The yak dies!
The manticore bites you.
* * * LOW HITPOINT WARNING * * *
The manticore claws you but does no damage. x2
You slash the manticore!
You kill the manticore!
Lugonu accepts your kill.
The centaur warrior wields a +0 shortbow.
The centaur warrior shoots an arrow.
The arrow hits you!
You die...

#.. ###...#. +......
#.##....#... #......
#.R#oz....# #......
#☼.y.#....##+###......
#Wy##u....#.............
#○ #○#.###.............
.. #Rc#..........###+##
#. #T§##....)....+....' #
#)..X##@#§...))...#....#
#..Zy.#§§§§........#....#
..)(..##§#§...[....#.....
..[$####.#.........#.....
#### #...#.........#.....
##...#.........######
##....######.......#.#
#.....#....#.......#..
#.....#....#.......#..


You could see a centaur warrior, a troll and an efreet.

Vanquished Creatures
  A centaur warrior (D:9)
  A two-headed ogre (D:9)
  An ugly thing (D:9)
  2 manticores
  Maurice (D:9)
  A queen bee (shapeshifter) (D:9)
  A hornet (D:10)
  A shadow (D:10)
  2 wyverns (D:9)
  A yak (D:9)
  A wraith (D:10)
  2 steam dragons (D:9)
  An acid dragon (D:9)
  A water moccasin (D:9)
  3 orc warriors
  A black bear (D:6)
  3 ice beasts
  3 centaurs
  3 kobold brigands
  A phantom (D:5)
  A necrophage (D:5)
  5 bullfrogs
  3 scorpions (D:6)
  A gnoll sergeant (D:7)
  22 wights
  2 howler monkeys
  4 electric eels (D:8)
  2 hounds
  3 jellies
  5 orc priests
  2 gnoll shamans
  3 iguanas
  Terence (D:2)
  5 orc wizards
  10 gnolls
  9 adders
  An ufetubus (D:5)
  2 worms
  3 dart slugs
  24 orcs
  7 ball pythons
  4 endoplasms
  4 giant cockroaches
  7 goblins
  7 hobgoblins
  3 jackals (D:5)
  3 quokkas
  A bat (D:3)
  2 frilled lizards
  19 kobolds
  3 rats
199 creatures vanquished.

Vanquished Creatures (others)
  A manticore (D:10)
  A shadow (D:10)
  A yak (D:10)
  2 vampire mosquitoes (D:10)
  An orc warrior (D:10)
  A killer bee (D:10)
  A gnoll shaman (D:10)
  An orc (D:8)
  8 plants (D:9)
17 creatures vanquished.

Grand Total: 216 creatures vanquished

Notes
Turn   | Place    | Note
-------+----------+-------------------------------------------
     0 | Abyss:1  | Gargoyl the Gargoyle Abyssal Knight began the quest for the
                  | Orb.
     0 | Abyss:1  | Reached XP level 1. HP: 14/14 MP: 2/2
     0 | D:1      | Escaped the Abyss
   249 | D:1      | Reached ** piety under Lugonu
   316 | D:1      | Reached XP level 2. HP: 19/19 MP: 3/3
   992 | D:2      | Reached XP level 3. HP: 17/24 MP: 4/4
  1237 | D:2      | Reached skill level 2 in Axes
  1322 | D:2      | Reached skill level 1 in Short Blades
  1327 | D:2      | Reached XP level 4. HP: 29/29 MP: 5/5
  1331 | D:2      | Reached skill level 1 in Dodging
  1529 | D:2      | Found a faded altar of an unknown god.
  1896 | D:3      | Noticed Terence
  1931 | D:2      | Killed Terence
  1932 | D:2      | Reached XP level 5. HP: 34/34 MP: 6/6
  1996 | D:3      | Reached *** piety under Lugonu
  2095 | D:3      | Reached skill level 3 in Axes
  2099 | D:3      | Reached XP level 6. HP: 25/39 MP: 7/7
  2278 | D:3      | Found a shimmering altar of Xom.
  2289 | D:3      | Identified the +0 leather armour of Teloun {+Inv}
  2802 | D:4      | Found an ornate altar of the Wu Jian Council.
  2822 | D:4      | Reached skill level 4 in Axes
  2940 | D:4      | Found Faiwy's Fire Supplies.
  3105 | D:5      | Entered Level 5 of the Dungeon
  3141 | D:5      | Found Keocutt's One-of-a-Kind Rings.
  3188 | D:5      | Reached **** piety under Lugonu
  3189 | D:5      | Reached XP level 7. HP: 20/44 MP: 8/8
  3225 | D:5      | Reached skill level 5 in Axes
  3238 | D:5      | You fall into a shaft and drop 3 floors!
  3258 | D:8      | Reached skill level 5 in Fighting
  3288 | D:8      | Reached skill level 6 in Axes
  3296 | D:8      | Reached XP level 8. HP: 49/50 MP: 9/9
  3570 | D:8      | Reached skill level 7 in Axes
  3822 | D:6      | Reached skill level 8 in Axes
  3871 | D:6      | Found a staircase to the Ecumenical Temple.
  3893 | D:6      | Found a blossoming altar of Fedhas.
  4040 | D:5      | Reached XP level 9. HP: 55/55 MP: 10/10
  4302 | D:5      | Reached ***** piety under Lugonu
  4303 | D:5      | Reached skill level 5 in Armour
  4467 | D:6      | Found a snail-covered altar of Cheibriados.
  5225 | D:7      | Gained mutation: You have supernaturally acute eyesight.
                  | (SInv) [potion of mutation]
  5225 | D:7      | Gained mutation: Your large and strong wings let you fly.
                  | [potion of mutation]
  5300 | D:7      | Found Rapes's Book Shoppe.
  5339 | D:7      | Reached skill level 9 in Axes
  6229 | D:9      | Noticed Maurice
  6239 | D:9      | Killed Maurice
  6376 | D:9      | Reached skill level 1 in Stealth
  6376 | D:9      | Reached XP level 10. HP: 55/63 MP: 11/11
  6380 | D:9      | Reached skill level 10 in Axes
  6458 | D:9      | Noticed a red ugly thing
  6470 | D:9      | Killed a red ugly thing
  6562 | D:9      | Found a basalt altar of Yredelemnul.
  6824 | D:9      | Reached skill level 11 in Axes
  6829 | D:9      | Noticed a two-headed ogre
  6836 | D:9      | Killed a two-headed ogre
  6872 | D:9      | Noticed a manticore
  6884 | D:9      | Killed a manticore
  6929 | D:9      | Noticed a centaur warrior
  6939 | D:9      | Killed a centaur warrior
  6940 | D:9      | Reached XP level 11. HP: 36/69 MP: 12/12
  7201 | D:10     | Entered Level 10 of the Dungeon
  7203 | D:10     | Found Wexits's General Store.
  7212 | D:10     | Bought a scroll of enchant weapon for 97 gold pieces
  7281 | D:10     | Reached skill level 12 in Axes
  7313 | D:10     | Found a glowing silver altar of Zin.
  7546 | D:10     | Noticed a manticore
  7547 | D:10     | Noticed a manticore
  7547 | D:10     | Noticed a centaur warrior
  7550 | D:10     | Noticed a white ugly thing
  7617 | D:10     | Escaped the Abyss
  7624 | D:10     | Corrupted D:10
  7633 | D:10     | Killed a manticore
  7638 | D:10     | HP: 5/106 [manticore (14)]
  7640 | D:10     | HP: 2/106 [manticore (4)]
  7641 | D:10     | Killed a manticore
  7641 | D:10     | Shot with an arrow by a centaur warrior

Illustrated notes

Levels and vault maps discovered:
D:1:      matt_arrival_grand_opening, layout_loops_ring
D:2:      layout_loops_ring, shapermc_ecumenical_altar_starsandcircs
D:3:      layout_rooms, brannock_xom_greatest_gift, uniq_terence
D:4:      layout_basic, pdpol_wu_jian_five_deadly_venoms, nicolae_shop_fire_sale
          [nicolae_sub_dead_trees], minivault_24, grunt_ministairs_15,
          minmay_fountain_box
D:5:      layout_loops_ring, hex_medium, st_stairs_14, nicolae_shop_unique_rings
D:6:      layout_basic, mainiacjoe_overflow_24_doors, lemuel_tele_altar,
          temple_pool_b, kennysheep_generic_room_15
D:7:      layout_basic, serial_shops, kennysheep_mini_moat
D:8:      layout_basic, chequers_serial_rivers_micro_b, minmay_misc_feat_doors,
          kennysheep_small_circle
D:9:      layout_basic, mainiacjoe_overflow_surrounded_room,
          minmay_shattered_shrine, uniq_maurice
D:10:     minmay_bloctagon, layout_gridville, mainiacjoe_overflow_chevrons,
          lair_entry_dummy, serial_shops, nicolae_shop_stone,
          chequers_serial_rivers_small_3

Skill      XL: |  1  2  3  4  5  6  7  8  9 10 11 |
---------------+----------------------------------+-----
Axes           | 2 3 4 6 8 9 11 12 | 12.1
Fighting       | 4 5 6 7 8 9 |  9.0
Short Blades   | 1 |  1.2
Dodging        | 1 |  1.8
Armour         | 3 4 6 7 8 |  8.1
Stealth        | 1 2 |  2.0
Invocations    | |  2.4

Action                   |  1- 3 |  4- 6 |  7- 9 | 10-12 || total
-------------------------+-------+-------+-------+-------++-------
Melee: Short sword       |    60 |       |       |       ||    60
       War axe           |    17 |   156 |   242 |   122 ||   537
       Punch             |       |       |     2 |     1 ||     3
Invok: Depart the Abyss  |     1 |       |       |     1 ||     2
       Corrupt           |       |       |       |     1 ||     1
       Enter the Abyss   |       |       |       |     1 ||     1
  Use: Scroll            |     5 |     9 |     8 |     4 ||    26
       Potion            |       |       |     1 |     5 ||     6
Armor: Leather armour    |    40 |       |       |       ||    40
       Ring mail         |     7 |     2 |       |       ||     9
       Plate armour      |       |   126 |   201 |   149 ||   476
Dodge: Dodged            |    41 |    65 |    90 |    65 ||   261

Table legend: (Time is in decaauts)
 A = Elapsed time spent in this place.
 B = Non-inter-level travel time spent in this place.
 C = Inter-level travel time spent in this place.
 D = Time resting spent in this place.
 E = Time spent auto-exploring this place.
 F = Levels seen in this place.
 G = Mean time per level.
                   A        B        C        D        E       F      G
               +--------+--------+--------+--------+--------+-----+--------+
         Total |   7728 |   7535 |    193 |    187 |   5500 |  12 |  644.0 |
       Dungeon |   7668 |   7475 |    193 |    127 |   5500 |  10 |  766.8 |
         Abyss |     60 |     60 |      0 |     60 |      0 |   2 |   30.0 |
               +--------+--------+--------+--------+--------+-----+--------+

Top non-repeatable levels by time:
     D:9: 1089 daAuts
     D:8: 1048 daAuts
     D:2: 1043 daAuts
     D:1: 922 daAuts
     D:5: 687 daAuts
     D:7: 678 daAuts
     D:6: 628 daAuts
     D:4: 622 daAuts
     D:3: 572 daAuts
    D:10: 374 daAuts
 Abyss:1: 60 daAuts
